 Dungeon Crawl Stone Soup version 0.28.0-45-g0d030f2227 (webtiles) character file.

Game seed: 7557788777107492375

9 Kaptain the Digger (level 2, -3/16 HPs)
             Began as a Gargoyle Earth Elementalist on Apr 14, 2022.
             Slain by a gnoll
             ... wielding a +0 club
              (4 damage)
             ... on level 1 of the Dungeon.
             The game lasted 00:01:11 (571 turns).

Kaptain the Digger (Gargoyle Earth Elementalist)     Turns: 571, Time: 00:01:12

Health: -3/16      AC:  4    Str: 11    XL:     2   Next: 16%
Magic:  0/5        EV: 12    Int: 15    God:
Gold:   9          SH:  0    Dex: 10    Spells: 4/5 levels left

rFire   . . .      SeeInvis .   a - +0 trident
rCold   . . .      Faith    .   (no shield)
rNeg    + . .      Spirit   .   b - +0 robe
rPois   ∞          Reflect  .   (no helmet)
rElec   +          Harm     .   (no cloak)
rCorr   .          Rampage  .   (no gloves)
Will    .....                   (no boots)
Stlth   ++........              (no amulet)
HPRegen 0.05/turn               (no ring)
MPRegen 0.09/turn               (no ring)

@: no status effects
A: sickness immunity, AC +2, negative energy resistance 1, electricity
resistance, torment resistance 1, petrification resistance
a: no special abilities


You were on level 1 of the Dungeon.
You visited 1 branch of the dungeon, and saw 1 of its levels.

You collected 9 gold pieces.

Inventory:

Hand Weapons
 a - a +0 trident (weapon)
Missiles
 c - 36 stones
Armour
 b - a +0 robe (worn)
Jewellery
 d - an amulet of faith


   Skills:
 * Level 0.6 Fighting
 + Level 0.2 Armour
 + Level 1.6 Dodging
 - Level 2.1 Stealth
 * Level 2.1 Spellcasting
 * Level 0.5 Conjurations
 - Level 0.7 Transmutations
 * Level 3.8 Earth Magic


You had 4 spell levels left.
You knew the following spells:

 Your Spells              Type           Power      Damage    Failure   Level
a - Sandblast             Erth           26%        2d8       4%          1

Your spell library contained the following spells:

 Spells                   Type           Power      Damage    Failure   Level
 Passwall                 Tmut/Erth      6%         N/A       13%         2
 Beastly Appendage        Tmut           6%         N/A       16%         1
 Wereblood                Tmut           3%         N/A       24%         2
 Stone Arrow              Conj/Erth      16%        3d8       26%         3
 Spider Form              Tmut/Pois      2%         N/A       50%         3
 Petrify                  Tmut/Erth      8%         N/A       65%         4
 Animate Dead             Necr           0%         N/A       91%         4
 Borgnjor's Vile Clutch   Necr/Erth      3%         N/A       95%         5
 Death Channel            Necr           0%         N/A       100%        6


Dungeon Overview and Level Annotations

Branches:
Dungeon (1/15)

Altars:


Innate Abilities, Weirdness & Mutations

You are immune to sickness and miasma.
Your stone body is resilient. (AC +2)
You are immune to poison.
You resist negative energy. (rN+)
You are resistant to electric shocks. (rElec)
You are resistant to unholy torment.
You are immune to petrification.


Message History

The gnoll barely misses you.
Unknown command.
Casting: Sandblast (safe; 4% risk of failure)
Confirm with . or Enter, or press ? or * to list all spells.
Aiming: Sandblast (safe; 4% risk of failure)
Press: ? - help, Shift-Dir - straight line, f/p - gnoll
Aim: a gnoll, wielding a +0 club (moderately wounded, 82% to hit)
The blast of sand hits the gnoll.
The gnoll is severely wounded.
The gnoll barely misses you.
Unknown command.
Casting: Sandblast (safe; 4% risk of failure)
Confirm with . or Enter, or press ? or * to list all spells.
Aiming: Sandblast (safe; 4% risk of failure)
Press: ? - help, Shift-Dir - straight line, f/p - gnoll
Aim: a gnoll, wielding a +0 club (severely wounded, 82% to hit)
The blast of sand hits the gnoll.
The gnoll is almost dead.
The gnoll hits you with a +0 club.
* * * LOW HITPOINT WARNING * * *
Your magical contamination has completely faded away.
Casting: Sandblast (safe; 4% risk of failure)
Confirm with . or Enter, or press ? or * to list all spells.
Aiming: Sandblast (safe; 4% risk of failure)
Press: ? - help, Shift-Dir - straight line, f/p - gnoll
Aim: a gnoll, wielding a +0 club (severely wounded, 82% to hit)
The blast of sand misses the gnoll.
The gnoll barely misses you.
Unknown command.
There is an open door here.
The gnoll hits you with a +0 club.
* * * LOW HITPOINT WARNING * * *
Casting: Sandblast (safe; 4% risk of failure)
Confirm with . or Enter, or press ? or * to list all spells.
Aiming: Sandblast (safe; 4% risk of failure)
Press: ? - help, Shift-Dir - straight line, f/p - gnoll
Aim: a gnoll, wielding a +0 club (severely wounded, 82% to hit)
The blast of sand hits the gnoll but does no damage.
The gnoll is severely wounded.
The gnoll hits you with a +0 club.
You die...

.........'.#.##...P.PP. #
#.####..#...###...PP.. .#
#.###.#.###.# ###.#.## #.#
#.#.##.#..>#####...## #.##
##.###.######........ #.##
##.#.##.# #.####.## ##.#
#.###.#.# # ##... ####.###
###.####..### ##....
....<..###......@..'.#
#.##.....
####.##.#.##.####g##.#
#.##.....
#.###.###.###.###.####^##.....
#.##.#.##.##.## #.............
#.#.###.#.#.## ###...........
...#####...## #...........
#.........## #.........>.
###+#######'# ##.......##.#
#.....# #..# ####........##.#


You could see a gnoll.

Vanquished Creatures
  A bat (D:1)
  A goblin (D:1)
  A hobgoblin (D:1)
  2 quokkas (D:1)
  A ball python (D:1)
  2 kobolds (D:1)
  A rat (D:1)
9 creatures vanquished.

Notes
Turn   | Place    | Note
-------+----------+-------------------------------------------
     0 | D:1      | Kaptain the Gargoyle Earth Elementalist began the quest for
                  | the Orb.
     0 | D:1      | Reached XP level 1. HP: 10/10 MP: 3/3
    55 | D:1      | Found a faded altar of an unknown god.
   219 | D:1      | Reached XP level 2. HP: 16/16 MP: 3/5
   571 | D:1      | Slain by a gnoll

Illustrated notes

Levels and vault maps discovered:
D:1:      roderic_octagonal_star, layout_loops_ring, serial_forest,
          infiniplex_forest_side_room, infiniplex_forest_diagonal,
          infiniplex_forest_clump_medium, infiniplex_forest_corner_1,
          infiniplex_forest_clump_small, infiniplex_forest_lined_room_,
          infiniplex_forest_clump_diagonal,
          shapermc_ecumenical_altar_mp_ritualfount, minmay_heptomino_d4

Action                   || total
-------------------------++-------
Melee: Trident           ||     6
 Cast: Sandblast         ||    14
 Stab: Sleeping          ||     2
Armor: Robe              ||     1
Dodge: Dodged            ||     6
